 Dungeon Crawl Stone Soup version 0.28-b1-25-g9875b3fc8c (webtiles) character file.

Game seed: 12310163581245775119

126 wakim the Shield-Bearer (level 4, -6/40 HPs)
             Began as a Minotaur Fighter on Feb 6, 2022.
             Was an Initiate of Wu Jian.
             Mangled by Ijyb (10 damage)
             ... on level 3 of the Dungeon.
             The game lasted 00:10:45 (1934 turns).

wakim the Shield-Bearer (Minotaur Fighter)          Turns: 1934, Time: 00:10:45

Health: -6/40      AC:  7    Str: 21    XL:     4   Next: 83%
Magic:  3/3        EV:  9    Int:  5    God:    Wu Jian [......]
Gold:   44         SH:  4    Dex: 11    Spells: 3/3 levels left

rFire   . . .      SeeInvis .   a - +0 flail
rCold   . . .      Faith    .   c - +0 buckler
rNeg    . . .      Spirit   .   b - +0 scale mail
rPois   .          Reflect  .   (helmet restricted)
rElec   .          Harm     .   (no cloak)
rCorr   .          Rampage  .   (no gloves)
Will    .....                   (no boots)
Stlth   ..........              (no amulet)
HPRegen 0.13/turn               (no ring)
MPRegen 0.08/turn               (no ring)

@: no status effects
A: horns 2, retaliatory headbutt
a: Renounce Religion


You were on level 3 of the Dungeon.
You worshipped Wu Jian.
Wu Jian was noncommittal.
You visited 1 branch of the dungeon, and saw 3 of its levels.

You collected 104 gold pieces.
You spent 60 gold pieces at shops.

Inventory:

Hand Weapons
 a - a +0 flail (weapon)
Missiles
 s - 75 stones
 Q - 4 poisoned darts
 T - 4 javelins
 V - 5 datura-tipped darts (quivered)
Armour
 b - a +0 scale mail (worn)
 c - a +0 buckler (worn)
Wands
 v - a wand of flame (22)
Scrolls
 U - a scroll of enchant armour {unknown}
Potions
 F - 4 potions of curing
 N - a potion of might
 O - a potion of degeneration {unknown}
 P - a potion of haste {unknown}
 R - 2 potions of flight {unknown}
 S - a potion of ambrosia {unknown}


   Skills:
 - Level 4.2 Fighting
 + Level 4.1 Maces & Flails
 * Level 1.4 Throwing
 - Level 4.1 Armour
 - Level 4.2 Shields
 * Level 1.0 Evocations


You had 3 spell levels left.
You didn't know any spells.
Your spell library contained the following spells:

 Spells                   Type           Power      Damage    Failure   Level
 Magic Dart               Conj           0%         1d3       88%         1
 Call Imp                 Summ           0%         N/A       95%         2
 Mephitic Cloud           Conj/Pois/Air  0%         N/A       99%         3


Dungeon Overview and Level Annotations

Branches:
Dungeon (3/15)

Altars:
Kikubaaqudgha
Wu Jian

Shops:
D:2 !

Annotations:
D:2 exclusion: downstairs
D:3 Grinder, Ijyb


Innate Abilities, Weirdness & Mutations

You have a pair of horns on your head.
You reflexively headbutt those who attack you in melee.


Message History

Okay, then.
Throw: 6 darts (datura)
Press: ? - help, Q - select action, (/) - cycle Shift-Dir - straight line, f - Ijyb
Aim: Ijyb, wielding a +0 club, wearing a +0 leather armour and carrying a wand of acid (6) (50% to hit, chance to frenzy on hit: 75%)
You throw a datura-tipped dart. The datura-tipped dart hits Ijyb.
Ijyb flies into a frenzy!
Ijyb shouts!
You sock Ijyb!
Ijyb is moderately wounded.
Ijyb barely misses you. You block Ijyb's attack.
You hit Ijyb but do no damage. You headbutt Ijyb!
Ijyb is severely wounded.
Ijyb hits you with a +0 club. Ijyb closely misses you.
You barely miss Ijyb.
Ijyb is severely wounded.
Ijyb barely misses you. Ijyb hits you with a +0 club.
You barely miss Ijyb. Your headbutt misses Ijyb.
Ijyb is severely wounded.
Ijyb hits you with a +0 club. x2
You completely miss Ijyb. You headbutt Ijyb.
Ijyb is almost dead.
Ijyb misses you. Ijyb barely misses you.
You closely miss Ijyb.
Ijyb is almost dead.
Ijyb hits you with a +0 club! Ijyb hits you with a +0 club.
* * * LOW HITPOINT WARNING * * *
You barely miss Ijyb. Your headbutt misses Ijyb.
Ijyb is almost dead.
Ijyb hits you with a +0 club!
* * * LOW HITPOINT WARNING * * *
You closely miss Ijyb. Your headbutt misses Ijyb.
Ijyb is almost dead.
Ijyb hits you with a +0 club.
* * * LOW HITPOINT WARNING * * *
Ijyb hits you with a +0 club.
* * * LOW HITPOINT WARNING * * *
You closely miss Ijyb. Your headbutt misses Ijyb.
Ijyb is almost dead.
Ijyb hits you but does no damage. Ijyb hits you with a +0 club!
You die...

#.. #..# #.# #..# #.#
#..# #.# #..# #.#
#..# #.# #..######
#.#
#.......####.########
##.####.)..g@........
#.# #.###.#)##.#.#
#.# #.# #.#.#
#.####.###.#<# #
#.##..>..#.#.##.#.##
#)##.###.#.#.......#
#.##.# #..#.........
#.##.###.#.##.#.#...
#.##.....#.##.#.....


You could see the neutral Ijyb (fast, strong, insane).

Vanquished Creatures
  An orc wizard (D:3)
  2 adders
  3 adder zombies (D:2)
  3 dart slugs
  4 orcs (D:3)
  3 bats (D:1)
  A bat zombie (D:2)
  6 endoplasms
  3 giant cockroaches
  8 goblins
  4 hobgoblins
  3 jackals (D:1)
  7 kobolds
  3 quokkas
  A ball python (D:1)
  A ball python skeleton (D:2)
  A frilled lizard (D:2)
  3 rats (D:3)
57 creatures vanquished.

Notes
Turn   | Place    | Note
-------+----------+-------------------------------------------
     0 | D:1      | wakim the Minotaur Fighter began the quest for the Orb.
     0 | D:1      | Reached XP level 1. HP: 19/19 MP: 0/0
    77 | D:1      | Found a faded altar of an unknown god.
   120 | D:1      | Reached XP level 2. HP: 27/27 MP: 1/1
   703 | D:1      | Reached XP level 3. HP: 31/33 MP: 2/2
  1183 | D:2      | Found an ancient bone altar of Kikubaaqudgha.
  1244 | D:2      | Found Junatryr's Distillery.
  1253 | D:2      | Bought a potion of curing for 30 gold pieces
  1253 | D:2      | Bought a potion of curing for 30 gold pieces
  1490 | D:3      | Reached XP level 4. HP: 35/40 MP: 3/3
  1615 | D:3      | Reached skill level 1 in Throwing
  1622 | D:3      | Found an ornate altar of the Wu Jian Council.
  1679 | D:3      | Became a worshipper of the Wu Jian Council
  1710 | D:3      | Noticed Grinder
  1775 | D:3      | Noticed Ijyb
  1879 | D:3      | Reached skill level 1 in Evocations
  1934 | D:3      | Mangled by Ijyb

Illustrated notes

Levels and vault maps discovered:
D:1:      wander_arrival_chamber, layout_basic, serial_aquarium,
          aquarium_bridge_straight [aquarium_subvault_bridge,
          aquarium_subvault_window, aquarium_subvault_bridge,
          aquarium_subvault_window], aquarium_bridge_long_separate
          [aquarium_subvault_bridge, aquarium_subvault_wall,
          aquarium_subvault_wall, aquarium_subvault_bridge,
          aquarium_subvault_bridge, aquarium_subvault_bridge],
          aquarium_window_corner, aquarium_window_1, aquarium_window_fake,
          aquarium_window_fake, aquarium_view_2b,
          hellmonk_ecumenical_altar_pennies_from_heaven
D:2:      layout_rooms, serial_shops, shop, basic_altar, serial_undead,
          serial_undead_b, serial_undead_a, serial_undead_a, serial_undead_a,
          serial_undead_b, hex_tiny
D:3:      layout_loops_ring, nicolae_overflow_crystal_walls, st_stairs_5,
          uniq_ijyb, uniq_grinder, uniq_crazy_yiuf_cottage

Skill      XL: |  1  2  3  4 |
---------------+-------------+-----
Maces & Flails | 3 4 |  4.1
Shields        | 4 |  4.2
Fighting       | 4 |  4.2
Armour         | 4 |  4.1
Throwing       | 1 |  1.4
Evocations     | 1 |  1.0

Action                   |  1- 3 |  4- 6 || total
-------------------------+-------+-------++-------
Melee: Flail             |    80 |    68 ||   148
       Headbutt          |     9 |     9 ||    18
Throw: Dart              |       |     1 ||     1
Invok: Lunge             |       |     2 ||     2
Armor: Scale mail        |    44 |    23 ||    67
Dodge: Dodged            |    35 |    21 ||    56
Block: Buckler           |    25 |    16 ||    41
